| TOP OF THE 1ST |
|
San Francisco Giants batting - Pitching for Chicago Cubs : RHP Edwin Rivera
|
|
Pitching: RHP Edwin Rivera
|
|
|
Batting: RHB Nick Rigden
|
0-0: Ball 1-0: Swinging Strike 1-1: Swinging Strike 1-2: Strikes out looking
|
|
Batting: SHB Ryan Doss
|
0-0: Ball 1-0: Ball 2-0: Ball 3-0: Called Strike 3-1: Base on Balls
|
|
Batting: RHB Sean Zielinski
|
0-0: Ball 1-0: Ball 2-0: Foul Ball, location: 2F 2-1: Swinging Strike 2-2: Strikes out swinging
|
|
Batting: LHB Jack Henningar
|
0-0: Ball 1-0: Ball Wild Pitch! Ryan Doss to second 2-0: Fly out, F7 (Flyball, 78D, EV 88.1 MPH)
|
| Top of the 1st over - 0 runs, 0 hits, 0 errors, 1 left on base; San Francisco 0 - Chicago 0 |
| BOTTOM OF THE 1ST |
|
Chicago Cubs batting - Pitching for San Francisco Giants : RHP Josh Lister
|
|
Pitching: RHP Josh Lister
|
|
|
Batting: RHB Yasuhide Kasahara
|
0-0: Ball 1-0: Ball 2-0: Ball 3-0: Called Strike 3-1: Base on Balls
|
|
Batting: SHB Steve DiDomenico
|
0-0: Ball 1-0: SINGLE (Groundball, 4MS, EV 76.9 MPH) (infield hit) Yasuhide Kasahara to second
|
|
Batting: RHB Efrain Vargas
|
0-0: Called Strike 0-1: Called Strike Yasuhide Kasahara steals 3rd base Steve DiDomenico to second 0-2: Strikes out swinging
|
|
Batting: LHB Kevin Norton
|
0-0: Ground out 4-3 (Groundball, 4, EV 83.8 MPH) Yasuhide Kasahara scores Steve DiDomenico to third
|
|
Batting: RHB Heef Harted
|
0-0: Called Strike 0-1: SINGLE (Groundball, 34D, EV 99.4 MPH) Steve DiDomenico scores
|
|
Batting: RHB Kanehisa Kubo
|
0-0: Ball 1-0: Ball 2-0: Ball 3-0: Base on Balls Heef Harted to second
|
|
Batting: LHB Barend van der Kamp
|
0-0: Called Strike 0-1: Called Strike 0-2: Ball 1-2: Ball 2-2: Ball 3-2: Base on Balls Heef Harted to third Kanehisa Kubo to second
|
|
Batting: SHB Tim Hone
|
0-0: SINGLE (Line Drive, 8RS, EV 106.2 MPH) Heef Harted scores Kanehisa Kubo to third Barend van der Kamp to second Runner from 3rd tries for Home, SAFE, throw by CF to home
|
|
Batting: RHB Adam Kelliher
|
0-0: Called Strike 0-1: Ball 1-1: Called Strike 1-2: Ball 2-2: Fielders Choice at 2nd, 5-4 (Groundball, 56, EV 84.4 MPH)
|
| Bottom of the 1st over - 4 runs, 3 hits, 0 errors, 2 left on base; San Francisco 0 - Chicago 4 |
| TOP OF THE 2ND |
|
San Francisco Giants batting - Pitching for Chicago Cubs : RHP Edwin Rivera
|
|
Batting: LHB Carey Horncole
|
0-0: SOLO HOME RUN (Flyball, 89XD, EV 105.0 MPH), Distance : 414 ft
|
|
Batting: SHB Bill Dooms
|
0-0: Ball 1-0: Fly out, F7 (Flyball, 78D, EV 90.6 MPH)
|
|
Batting: LHB Tom Best
|
0-0: Ball 1-0: Swinging Strike 1-1: Ball 2-1: Called Strike 2-2: Foul Ball, location: 2F 2-2: Ball 3-2: Strikes out looking
|
|
Batting: RHB Nate Hodson
|
0-0: Ball 1-0: Ball 2-0: Ball 3-0: Called Strike 3-1: Foul Ball, location: 2F 3-2: Foul Ball, location: 2F 3-2: Foul Ball, location: 2F 3-2: Base on Balls
|
|
Batting: LHB John Blair
|
0-0: Fly out, F8 (Flyball, 8RXD, EV 95.0 MPH)
|
| Top of the 2nd over - 1 run, 1 hit, 0 errors, 1 left on base; San Francisco 1 - Chicago 4 |
| BOTTOM OF THE 2ND |
|
Chicago Cubs batting - Pitching for San Francisco Giants : RHP Josh Lister
|
|
Batting: RHB Yasuhide Kasahara
|
0-0: Ball 1-0: Ball 2-0: Called Strike 2-1: Called Strike 2-2: Ball 3-2: Base on Balls
|
|
Batting: SHB Steve DiDomenico
|
0-0: Ball Wild Pitch! Yasuhide Kasahara to second 1-0: Ball 2-0: Ground out 4-3 (Groundball, 4, EV 88.1 MPH) Yasuhide Kasahara to third
|
|
Batting: RHB Efrain Vargas
|
0-0: Ball 1-0: Swinging Strike 1-1: SINGLE (Groundball, 34D, EV 103.8 MPH) Yasuhide Kasahara scores
|
|
Batting: LHB Kevin Norton
|
0-0: Ball 1-0: Foul Ball, location: 2F 1-1: Foul Ball, location: 2F 1-2: Foul Ball, location: 2F 1-2: Fly out, F8 (Flyball, 8LD, EV 109.4 MPH)
|
|
Batting: RHB Heef Harted
|
0-0: Called Strike 0-1: Ball 1-1: Ground out 6-3 (Groundball, 6S, EV 88.8 MPH)
|
| Bottom of the 2nd over - 1 run, 1 hit, 0 errors, 1 left on base; San Francisco 1 - Chicago 5 |
| TOP OF THE 3RD |
|
San Francisco Giants batting - Pitching for Chicago Cubs : RHP Edwin Rivera
|
|
Batting: RHB Nick Rigden
|
0-0: Ball 1-0: Swinging Strike 1-1: Ball 2-1: Foul Ball, location: 2F 2-2: Foul Ball, location: 2F 2-2: Strikes out swinging
|
|
Batting: SHB Ryan Doss
|
0-0: Ball 1-0: SINGLE (Line Drive, 89S, EV 101.2 MPH)
|
|
Batting: RHB Sean Zielinski
|
0-0: SINGLE (Line Drive, 78S, EV 100.0 MPH) Ryan Doss to second
|
|
Batting: LHB Jack Henningar
|
0-0: Ball 1-0: 3-RUN HOME RUN (Flyball, 9D, EV 103.1 MPH), Distance : 418 ft
|
|
Batting: LHB Carey Horncole
|
0-0: Called Strike 0-1: SINGLE (Groundball, 6MS, EV 74.4 MPH) (infield hit)
|
|
Batting: SHB Bill Dooms
|
0-0: Ball 1-0: Called Strike 1-1: Foul Ball, location: 2F 1-2: Foul Ball, location: 2F 1-2: SINGLE (Line Drive, 8RS, EV 92.5 MPH) Carey Horncole to second
|
|
Batting: LHB Tom Best
|
0-0: Ground out 4-3 (Groundball, 4S, EV 67.5 MPH) Carey Horncole to third Bill Dooms to second
|
|
Batting: RHB Nate Hodson
|
0-0: Called Strike 0-1: Ball 1-1: Ball 2-1: DOUBLE (Line Drive, 5D, EV 99.4 MPH) Carey Horncole scores Bill Dooms scores
|
|
Batting: LHB John Blair
|
0-0: Ball 1-0: Foul Ball, location: 2F 1-1: Called Strike 1-2: Strikes out swinging
|
| Top of the 3rd over - 5 runs, 6 hits, 0 errors, 1 left on base; San Francisco 6 - Chicago 5 |
| BOTTOM OF THE 3RD |
|
Chicago Cubs batting - Pitching for San Francisco Giants : RHP Josh Lister
|
|
Batting: RHB Kanehisa Kubo
|
0-0: Ball 1-0: Ball 2-0: Fly out, F9 (Flyball, 9S, EV 82.5 MPH)
|
|
Pitching: RHP Tim Welshman
|
|
|
Batting: LHB Barend van der Kamp
|
0-0: Ball 1-0: Called Strike 1-1: DOUBLE (Line Drive, 89M, EV 87.5 MPH)
|
|
Batting: SHB Tim Hone
|
0-0: Ball 1-0: Fly out, F7 (Flyball, 78D, EV 94.4 MPH) Runner from 2nd tags up, SAFE at 3rd with throw by LF
|
|
Batting: RHB Adam Kelliher
|
0-0: Ball 1-0: Ball 2-0: Called Strike 2-1: Foul Ball, location: 2F 2-2: Fly out, F9 (Flyball, 9, EV 84.4 MPH)
|
| Bottom of the 3rd over - 0 runs, 1 hit, 0 errors, 1 left on base; San Francisco 6 - Chicago 5 |
| TOP OF THE 4TH |
|
San Francisco Giants batting - Pitching for Chicago Cubs : RHP Edwin Rivera
|
|
Pitching: LHP Brock Lewis
|
|
|
Batting: RHB Nick Rigden
|
0-0: Ball 1-0: Called Strike 1-1: Called Strike 1-2: Ball 2-2: Ball 3-2: SOLO HOME RUN (Flyball, 7D, EV 100.0 MPH), Distance : 374 ft
|
|
Batting: SHB Ryan Doss
|
0-0: Called Strike 0-1: Called Strike 0-2: Ball 1-2: Strikes out looking
|
|
Batting: RHB Sean Zielinski
|
0-0: Ball 1-0: Called Strike 1-1: Foul Ball, location: 2F 1-2: Strikes out swinging
|
|
Batting: LHB Jack Henningar
|
0-0: Ball 1-0: Fly out, F7 (Flyball, 78M, EV 81.2 MPH)
|
| Top of the 4th over - 1 run, 1 hit, 0 errors, 0 left on base; San Francisco 7 - Chicago 5 |
| BOTTOM OF THE 4TH |
|
Chicago Cubs batting - Pitching for San Francisco Giants : RHP Tim Welshman
|
|
Batting: RHB Yasuhide Kasahara
|
0-0: SINGLE (Flyball, 56D, EV 87.5 MPH)
|
|
Batting: SHB Steve DiDomenico
|
0-0: Called Strike 0-1: Ball 1-1: Ball 2-1: Ball 3-1: Foul Ball, location: 2F 3-2: Strikes out swinging
|
|
Batting: RHB Efrain Vargas
|
0-0: Called Strike Yasuhide Kasahara steals 2nd base 0-1: Called Strike 0-2: Foul Ball, location: 2F 0-2: Ball 1-2: Ball 2-2: Ball 3-2: Base on Balls
|
|
Batting: LHB Kevin Norton
|
0-0: Ball 1-0: Ball 2-0: Called Strike 2-1: Ball 3-1: Foul Ball, location: 2F 3-2: Base on Balls Yasuhide Kasahara to third Efrain Vargas to second
|
|
Batting: RHB Heef Harted
|
0-0: Called Strike 0-1: Ball 1-1: Foul Ball, location: 2F 1-2: Strikes out swinging
|
|
Batting: RHB Kanehisa Kubo
|
0-0: Ball 1-0: Ball 2-0: Ball 3-0: Called Strike 3-1: Base on Balls Yasuhide Kasahara scores Efrain Vargas to third Kevin Norton to second
|
|
Batting: LHB Barend van der Kamp
|
0-0: Fielders Choice at 2nd, 5-4 (Groundball, 56, EV 80.6 MPH)
|
| Bottom of the 4th over - 1 run, 1 hit, 0 errors, 3 left on base; San Francisco 7 - Chicago 6 |
| TOP OF THE 5TH |
|
San Francisco Giants batting - Pitching for Chicago Cubs : LHP Brock Lewis
|
|
Batting: LHB Carey Horncole
|
0-0: Called Strike 0-1: Ball 1-1: Swinging Strike 1-2: Foul Ball, location: 2F 1-2: Foul Ball, location: 2F 1-2: Strikes out swinging
|
|
Batting: SHB Bill Dooms
|
0-0: Foul Ball, location: 2F 0-1: Fly out, F7 (Flyball, 7, EV 83.8 MPH)
|
|
Batting: LHB Tom Best
|
0-0: Called Strike 0-1: Fly out, F8 (Flyball, 8RM, EV 93.1 MPH)
|
| Top of the 5th over - 0 runs, 0 hits, 0 errors, 0 left on base; San Francisco 7 - Chicago 6 |
| BOTTOM OF THE 5TH |
|
Chicago Cubs batting - Pitching for San Francisco Giants : RHP Tim Welshman
|
|
Batting: SHB Tim Hone
|
0-0: Ball 1-0: Called Strike 1-1: Ball 2-1: Ground out 4-3 (Groundball, 34D, EV 102.5 MPH)
|
|
Batting: RHB Adam Kelliher
|
0-0: Ground out 5-3 (Groundball, 56S, EV 68.1 MPH)
|
|
Batting: RHB Yasuhide Kasahara
|
0-0: Called Strike 0-1: Ball 1-1: Ball 2-1: Foul Ball, location: 2F 2-2: Ball 3-2: Base on Balls
|
|
Batting: SHB Steve DiDomenico
|
0-0: Ball 1-0: Ball 2-0: Ball 3-0: Called Strike 3-1: Base on Balls Yasuhide Kasahara to second
|
|
Batting: RHB Efrain Vargas
|
0-0: Ball 1-0: Called Strike 1-1: Ball 2-1: Ball 3-1: Base on Balls Yasuhide Kasahara to third Steve DiDomenico to second
|
|
Pitching: LHP Tyler Stancil
|
|
|
Pinch Hitting: RHB Francisco Ramirez
|
0-0: Called Strike 0-1: Ball 1-1: SINGLE (Groundball, 4M, EV 95.0 MPH) Yasuhide Kasahara scores Steve DiDomenico to third Efrain Vargas to second Runner from 3rd tries for Home, SAFE, throw by CF to home
|
|
Batting: RHB Heef Harted
|
0-0: Ball 1-0: Ball 2-0: Called Strike 2-1: 3-RUN HOME RUN (Flyball, 7LD, EV 100.0 MPH), Distance : 390 ft
|
|
Batting: RHB Kanehisa Kubo
|
0-0: Ball 1-0: Foul Ball, location: 2F 1-1: Called Strike 1-2: Ball 2-2: Foul Ball, location: 2F 2-2: SINGLE (Groundball, 5D, EV 103.8 MPH)
|
|
Batting: LHB Barend van der Kamp
|
0-0: Ball 1-0: Called Strike 1-1: Swinging Strike 1-2: Strikes out looking
|
| Bottom of the 5th over - 5 runs, 3 hits, 0 errors, 1 left on base; San Francisco 7 - Chicago 11 |
| TOP OF THE 6TH |
|
San Francisco Giants batting - Pitching for Chicago Cubs : LHP Brock Lewis
|
|
Now in CF: Jose Balderrama
|
|
|
Batting: RHB Nate Hodson
|
0-0: Ball 1-0: Called Strike 1-1: Foul Ball, location: 2F 1-2: Foul Ball, location: 2F 1-2: Strikes out swinging
|
|
Batting: LHB John Blair
|
0-0: Ball 1-0: Called Strike 1-1: SINGLE (Flyball, 8LS, EV 90.6 MPH)
|
|
Batting: RHB Nick Rigden
|
0-0: Called Strike 0-1: Ball 1-1: Foul Ball, location: 2F 1-2: Strikes out swinging John Blair is caught stealing 2nd base 2-4 Batter strikes out.
|
| Top of the 6th over - 0 runs, 1 hit, 0 errors, 0 left on base; San Francisco 7 - Chicago 11 |
| BOTTOM OF THE 6TH |
|
Chicago Cubs batting - Pitching for San Francisco Giants : LHP Tyler Stancil
|
|
Batting: SHB Tim Hone
|
0-0: Foul Ball, location: 2F 0-1: Swinging Strike 0-2: Foul Ball, location: 2F 0-2: Strikes out swinging
|
|
Batting: RHB Adam Kelliher
|
0-0: Ball 1-0: Foul Ball, location: 2F 1-1: Ball 2-1: Ground out 5-3 (Groundball, 15, EV 85.6 MPH)
|
|
Batting: RHB Yasuhide Kasahara
|
0-0: Called Strike 0-1: Called Strike 0-2: Foul Ball, location: 2F 0-2: Strikes out swinging
|
| Bottom of the 6th over - 0 runs, 0 hits, 0 errors, 0 left on base; San Francisco 7 - Chicago 11 |
| TOP OF THE 7TH |
|
San Francisco Giants batting - Pitching for Chicago Cubs : LHP Brock Lewis
|
|
Pitching: RHP Chris Perretta
|
|
|
Batting: SHB Ryan Doss
|
0-0: Foul Ball, location: 2F 0-1: Ball 1-1: DOUBLE (Flyball, 89XD, EV 98.8 MPH)
|
|
Batting: RHB Sean Zielinski
|
0-0: Ball 1-0: SINGLE (Flyball, 7S, EV 87.5 MPH) Ryan Doss to third
|
|
Batting: LHB Jack Henningar
|
0-0: Called Strike 0-1: Called Strike 0-2: Ball 1-2: Ball 2-2: Fly out, F2 (Popup, 23F, EV 92.5 MPH)
|
|
Batting: LHB Carey Horncole
|
0-0: Ball 1-0: Called Strike 1-1: 3-RUN HOME RUN (Flyball, 89XD, EV 100.0 MPH), Distance : 412 ft
|
|
Pitching: LHP Mike Alexander
|
|
|
Batting: SHB Bill Dooms
|
0-0: SINGLE (Groundball, 6MS, EV 62.5 MPH) (infield hit)
|
|
Pinch Hitting: RHB Bill Defazio
|
0-0: Ball 1-0: Ball 2-0: 2-RUN HOME RUN (Flyball, 78XD, EV 105.0 MPH), Distance : 419 ft
|
|
Batting: RHB Nate Hodson
|
0-0: Called Strike 0-1: Swinging Strike 0-2: Ball 1-2: Ball 2-2: Ball 3-2: Strikes out swinging
|
|
Batting: LHB John Blair
|
0-0: Called Strike 0-1: Foul Ball, location: 2F 0-2: Ground out U3 (Groundball, 34, EV 76.2 MPH)
|
| Top of the 7th over - 5 runs, 5 hits, 0 errors, 0 left on base; San Francisco 12 - Chicago 11 |
| BOTTOM OF THE 7TH |
|
Chicago Cubs batting - Pitching for San Francisco Giants : LHP Tyler Stancil
|
|
Now in LF: Cesar Martinez
|
|
|
Batting: SHB Steve DiDomenico
|
0-0: Ball 1-0: Called Strike 1-1: Called Strike 1-2: Strikes out swinging
|
|
Batting: RHB Efrain Vargas
|
0-0: Ball 1-0: Ball 2-0: Called Strike 2-1: Foul Ball, location: 2F 2-2: Foul Ball, location: 2F 2-2: Fly out, F9 (Flyball, 89D, EV 93.8 MPH)
|
|
Batting: RHB Jose Balderrama
|
0-0: Ball 1-0: Ball 2-0: Called Strike 2-1: Foul Ball, location: 2F 2-2: Foul Ball, location: 2F 2-2: Foul Ball, location: 2F 2-2: Foul Ball, location: 2F 2-2: Strikes out swinging
|
| Bottom of the 7th over - 0 runs, 0 hits, 0 errors, 0 left on base; San Francisco 12 - Chicago 11 |
| TOP OF THE 8TH |
|
San Francisco Giants batting - Pitching for Chicago Cubs : LHP Mike Alexander
|
|
Pitching: RHP Miles Edwards
|
|
|
Batting: RHB Nick Rigden
|
0-0: Swinging Strike 0-1: Ball 1-1: Foul Ball, location: 2F 1-2: Strikes out swinging
|
|
Batting: SHB Ryan Doss
|
0-0: Foul Ball, location: 2F 0-1: Ball 1-1: Ball 2-1: Foul Ball, location: 2F 2-2: Strikes out looking
|
|
Batting: RHB Sean Zielinski
|
0-0: Ground out 6-3 (Groundball, 6MD, EV 91.9 MPH)
|
| Top of the 8th over - 0 runs, 0 hits, 0 errors, 0 left on base; San Francisco 12 - Chicago 11 |
| BOTTOM OF THE 8TH |
|
Chicago Cubs batting - Pitching for San Francisco Giants : LHP Tyler Stancil
|
|
Pitching: LHP Caleb Mullinax
|
|
|
Batting: RHB Heef Harted
|
0-0: Ball 1-0: Ball 2-0: Ball 3-0: Called Strike 3-1: Foul Ball, location: 2F 3-2: Base on Balls
|
|
Batting: RHB Kanehisa Kubo
|
0-0: Sac Bunt to 2R - play at first, batter OUT! 2-3 Heef Harted to second
|
|
Pinch Hitting: RHB Steve Bartman Jr.
|
0-0: Ball 1-0: Ball 2-0: Ball 3-0: Called Strike 3-1: Called Strike 3-2: Fly out, F7 (Flyball, 78S, EV 83.1 MPH)
|
|
Batting: SHB Tim Hone
|
0-0: Ball 1-0: Called Strike 1-1: Ball 2-1: Ball 3-1: Ground out 1-3 (Groundball, 15, EV 71.2 MPH)
|
| Bottom of the 8th over - 0 runs, 0 hits, 0 errors, 1 left on base; San Francisco 12 - Chicago 11 |
| TOP OF THE 9TH |
|
San Francisco Giants batting - Pitching for Chicago Cubs : RHP Miles Edwards
|
|
Now at 2B: Steve Bartman Jr.
|
|
|
Now in LF: Heef Harted
|
|
|
Now in RF: Tim Hone
|
|
|
Batting: LHB Jack Henningar
|
0-0: Swinging Strike 0-1: Ball 1-1: Foul Ball, location: 2F 1-2: Strikes out swinging
|
|
Batting: LHB Carey Horncole
|
0-0: Ball 1-0: Foul Ball, location: 2F 1-1: Foul Ball, location: 2F 1-2: Ball 2-2: Ball 3-2: Strikes out swinging
|
|
Batting: SHB Bill Dooms
|
0-0: Called Strike 0-1: Called Strike 0-2: Foul Ball, location: 2F 0-2: Ball 1-2: Ball 2-2: Foul Ball, location: 2F 2-2: Strikes out swinging
|
| Top of the 9th over - 0 runs, 0 hits, 0 errors, 0 left on base; San Francisco 12 - Chicago 11 |
| BOTTOM OF THE 9TH |
|
Chicago Cubs batting - Pitching for San Francisco Giants : LHP Caleb Mullinax
|
|
Pitching: RHP Andrew Kindig
|
|
|
Pinch Hitting: SHB Moe Lester
|
0-0: Fly out, F7 (Flyball, 7D, EV 98.1 MPH)
|
|
Batting: RHB Yasuhide Kasahara
|
0-0: Called Strike 0-1: Called Strike 0-2: Ball 1-2: Ball 2-2: Strikes out swinging
|
|
Batting: SHB Steve DiDomenico
|
0-0: Ball 1-0: Ball 2-0: Ball 3-0: Base on Balls
|
|
Batting: RHB Efrain Vargas
|
0-0: Ball 1-0: Called Strike 1-1: Ball 2-1: Foul Ball, location: 2F 2-2: Ball 3-2: Base on Balls Steve DiDomenico to second
|
|
Batting: RHB Jose Balderrama
|
0-0: Foul Ball, location: 2F 0-1: Ball 1-1: Ball 2-1: Ball 3-1: Called Strike 3-2: Foul Ball, location: 2F 3-2: Base on Balls Steve DiDomenico to third Efrain Vargas to second
|
|
Batting: RHB Heef Harted
|
0-0: Ball 1-0: Called Strike 1-1: Ball 2-1: Foul Ball, location: 2F 2-2: Ground out U3 (Groundball, 3S, EV 74.4 MPH)
|
| Bottom of the 9th over - 0 runs, 0 hits, 0 errors, 3 left on base; San Francisco 12 - Chicago 11 |
|